| TOP OF THE 1ST |
|
Kansas City Royals batting - Pitching for Chicago White Sox : RHP Kevin Woods
|
|
Pitching: RHP Kevin Woods
|
|
|
Batting: RHB Mike Jaquez
|
0-0: Foul Ball, location: 2F 0-1: Ground out 4-3 (Groundball, 4, EV 103.1 MPH)
|
|
Batting: RHB Imbart Faber
|
0-0: Foul Ball, location: 2F 0-1: Ball 1-1: DOUBLE (Flyball, 8LXD, EV 97.5 MPH)
|
|
Batting: LHB Mike Meyerhoff
|
0-0: TRIPLE (Flyball, 9D, EV 95.6 MPH) Imbart Faber scores
|
|
Batting: SHB Tony Prado
|
0-0: Ground out U3 (Groundball, 3, EV 102.5 MPH)
|
|
Batting: LHB Manny Estrada
|
0-0: Called Strike 0-1: Foul Ball, location: 2F 0-2: Ball 1-2: Ball 2-2: Strikes out swinging
|
| Top of the 1st over - 1 run, 2 hits, 0 errors, 1 left on base; Kansas City 1 - Chicago 0 |
| BOTTOM OF THE 1ST |
|
Chicago White Sox batting - Pitching for Kansas City Royals : RHP Jimmy Silveira IV
|
|
Pitching: RHP Jimmy Silveira IV
|
|
|
Batting: SHB Dan Lash
|
0-0: Hit by Pitch
|
|
Batting: LHB Antonio Figueroa
|
0-0: Foul Ball, location: 2F 0-1: Ball 1-1: DOUBLE (Line Drive, 9LS, EV 97.5 MPH) Dan Lash to third
|
|
Batting: LHB Randy Rosenberry
|
0-0: Ball 1-0: Ball 2-0: Foul Ball, location: 2F 2-1: Ball 3-1: Called Strike 3-2: Foul Ball, location: 2F 3-2: Base on Balls
|
|
Batting: RHB Joseph Disepolo
|
0-0: Foul Ball, location: 2F 0-1: Foul Ball, location: 2F 0-2: Fielders Choice at 2nd, 3-6 (Groundball, 34, EV 86.3 MPH) Dan Lash scores Antonio Figueroa to third
|
|
Batting: SHB Cesar Herrera
|
0-0: Called Strike 0-1: Swinging Strike 0-2: Fly out, F8 (Flyball, 89M, EV 88.1 MPH) Runner from 3rd tags up, SCORES, throw by CF
|
|
Batting: LHB Jack Christie
|
0-0: Called Strike Joseph Disepolo steals 2nd base (no throw) 0-1: Ground out 4-3 (Groundball, 4, EV 83.1 MPH)
|
| Bottom of the 1st over - 2 runs, 1 hit, 0 errors, 1 left on base; Kansas City 1 - Chicago 2 |
| TOP OF THE 2ND |
|
Kansas City Royals batting - Pitching for Chicago White Sox : RHP Kevin Woods
|
|
Batting: RHB Aaron Matthews
|
0-0: Foul Ball, location: 2F 0-1: Ball 1-1: Called Strike 1-2: Ball 2-2: Ball 3-2: Fly out, F8 (Flyball, 8RD, EV 106.9 MPH)
|
|
Batting: LHB Zion Davidson
|
0-0: Called Strike 0-1: Ball 1-1: Ball 2-1: Foul Ball, location: 2F 2-2: Strikes out swinging
|
|
Batting: RHB Alberto Rosales
|
0-0: Called Strike 0-1: Ball 1-1: Ground out 6-3 (Groundball, 6, EV 80.0 MPH)
|
| Top of the 2nd over - 0 runs, 0 hits, 0 errors, 0 left on base; Kansas City 1 - Chicago 2 |
| BOTTOM OF THE 2ND |
|
Chicago White Sox batting - Pitching for Kansas City Royals : RHP Jimmy Silveira IV
|
|
Batting: LHB Brian Feher
|
0-0: Foul Ball, location: 2F 0-1: Ball 1-1: Foul Ball, location: 2F 1-2: Strikes out looking
|
|
Batting: RHB Hiroshige Yamada
|
0-0: Swinging Strike 0-1: Ball 1-1: Foul Ball, location: 2F 1-2: Ball 2-2: Strikes out swinging
|
|
Batting: LHB Juan Concepcion
|
0-0: Ball 1-0: Called Strike 1-1: Ball 2-1: Ball 3-1: Base on Balls
|
|
Batting: SHB Dan Lash
|
0-0: Ball Wild Pitch! Juan Concepcion to second 1-0: Ball 2-0: Ball 3-0: Called Strike 3-1: Foul Ball, location: 2F 3-2: Strikes out swinging
|
| Bottom of the 2nd over - 0 runs, 0 hits, 0 errors, 1 left on base; Kansas City 1 - Chicago 2 |
| TOP OF THE 3RD |
|
Kansas City Royals batting - Pitching for Chicago White Sox : RHP Kevin Woods
|
|
Batting: RHB Avery Maxwell
|
0-0: Fly out, F7 (Flyball, 78D, EV 91.3 MPH)
|
|
Batting: RHB Mike Jaquez
|
0-0: SINGLE (Line Drive, 9S, EV 96.3 MPH)
|
|
Batting: RHB Imbart Faber
|
0-0: Called Strike 0-1: Ball 1-1: Ball Mike Jaquez is caught stealing 2nd base 2-4 2-1: Foul Ball, location: 2F 2-2: Foul Ball, location: 2F 2-2: Strikes out swinging
|
| Top of the 3rd over - 0 runs, 1 hit, 0 errors, 0 left on base; Kansas City 1 - Chicago 2 |
| BOTTOM OF THE 3RD |
|
Chicago White Sox batting - Pitching for Kansas City Royals : RHP Jimmy Silveira IV
|
|
Batting: LHB Antonio Figueroa
|
0-0: Ground out 2-3 (Groundball, 15S, EV 61.9 MPH)
|
|
Batting: LHB Randy Rosenberry
|
0-0: Ball 1-0: Called Strike 1-1: Fly out, F8 (Flyball, 8LXD, EV 108.8 MPH)
|
|
Batting: RHB Joseph Disepolo
|
0-0: Called Strike 0-1: Ball 1-1: Ball 2-1: Swinging Strike 2-2: Ball 3-2: DOUBLE (Line Drive, 89M, EV 94.4 MPH)
|
|
Batting: SHB Cesar Herrera
|
0-0: Called Strike 0-1: Ball 1-1: Ball 2-1: Foul Ball, location: 2F 2-2: Foul Ball, location: 2F 2-2: Ground out 6-3 (Groundball, 6M, EV 79.4 MPH)
|
| Bottom of the 3rd over - 0 runs, 1 hit, 0 errors, 1 left on base; Kansas City 1 - Chicago 2 |
| TOP OF THE 4TH |
|
Kansas City Royals batting - Pitching for Chicago White Sox : RHP Kevin Woods
|
|
Batting: LHB Mike Meyerhoff
|
0-0: Called Strike 0-1: Swinging Strike 0-2: Ball 1-2: Ball 2-2: Foul Ball, location: 2F 2-2: Foul Ball, location: 2F 2-2: Fly out, F8 (Flyball, 8LD, EV 86.9 MPH)
|
|
Batting: SHB Tony Prado
|
0-0: Ball 1-0: Ball 2-0: Called Strike 2-1: Foul Ball, location: 2F 2-2: Strikes out swinging
|
|
Batting: LHB Manny Estrada
|
0-0: Ball 1-0: Foul Ball, location: 2F 1-1: Fly out, F7 (Flyball, 7S, EV 76.9 MPH)
|
| Top of the 4th over - 0 runs, 0 hits, 0 errors, 0 left on base; Kansas City 1 - Chicago 2 |
| BOTTOM OF THE 4TH |
|
Chicago White Sox batting - Pitching for Kansas City Royals : RHP Jimmy Silveira IV
|
|
Batting: LHB Jack Christie
|
0-0: Called Strike 0-1: Ball 1-1: Swinging Strike 1-2: Foul Ball, location: 2F 1-2: Foul Ball, location: 2F 1-2: DOUBLE (Flyball, 89XD, EV 110.6 MPH)
|
|
Batting: LHB Brian Feher
|
0-0: Ground out 6-3 (Groundball, 6MD, EV 106.3 MPH) Jack Christie to third
|
|
Batting: RHB Hiroshige Yamada
|
0-0: Ball 1-0: Ball 2-0: Called Strike 2-1: Ball 3-1: Swinging Strike 3-2: Base on Balls
|
|
Batting: LHB Juan Concepcion
|
0-0: Called Strike 0-1: Ball 1-1: Ball 2-1: Ball 3-1: Base on Balls Hiroshige Yamada to second
|
|
Batting: SHB Dan Lash
|
0-0: Ball 1-0: Grounds into double play, 5-4-3 (Groundball, 15, EV 80.0 MPH)
|
| Bottom of the 4th over - 0 runs, 1 hit, 0 errors, 2 left on base; Kansas City 1 - Chicago 2 |
| TOP OF THE 5TH |
|
Kansas City Royals batting - Pitching for Chicago White Sox : RHP Kevin Woods
|
|
Batting: RHB Aaron Matthews
|
0-0: Foul Ball, location: 2F 0-1: Foul Ball, location: 2F 0-2: Strikes out swinging
|
|
Batting: LHB Zion Davidson
|
0-0: Ball 1-0: Called Strike 1-1: Foul Ball, location: 2F 1-2: Strikes out swinging
|
|
Batting: RHB Alberto Rosales
|
0-0: SINGLE (Groundball, 56, EV 99.4 MPH)
|
|
Batting: RHB Avery Maxwell
|
0-0: Ball Alberto Rosales is caught stealing 2nd base 2-4
|
| Top of the 5th over - 0 runs, 1 hit, 0 errors, 0 left on base; Kansas City 1 - Chicago 2 |
| BOTTOM OF THE 5TH |
|
Chicago White Sox batting - Pitching for Kansas City Royals : RHP Jimmy Silveira IV
|
|
Batting: LHB Antonio Figueroa
|
0-0: Called Strike 0-1: Called Strike 0-2: Ball 1-2: Strikes out looking
|
|
Batting: LHB Randy Rosenberry
|
0-0: Ball 1-0: Called Strike 1-1: Ground out 4-3 (Groundball, 4, EV 85.0 MPH)
|
|
Batting: RHB Joseph Disepolo
|
0-0: Ball 1-0: Swinging Strike 1-1: Ball 2-1: Foul Ball, location: 2F 2-2: Ball 3-2: Strikes out looking
|
| Bottom of the 5th over - 0 runs, 0 hits, 0 errors, 0 left on base; Kansas City 1 - Chicago 2 |
| TOP OF THE 6TH |
|
Kansas City Royals batting - Pitching for Chicago White Sox : RHP Kevin Woods
|
|
Batting: RHB Avery Maxwell
|
0-0: Ball 1-0: Ground out 6-3 (Groundball, 6M, EV 83.8 MPH)
|
|
Batting: RHB Mike Jaquez
|
0-0: Called Strike 0-1: Ball 1-1: Ball 2-1: Foul Ball, location: 2F 2-2: Foul Ball, location: 2F 2-2: Foul Ball, location: 2F 2-2: Strikes out swinging
|
|
Batting: RHB Imbart Faber
|
0-0: Swinging Strike 0-1: Ball 1-1: SINGLE (Line Drive, 9S, EV 106.9 MPH)
|
|
Batting: LHB Mike Meyerhoff
|
0-0: Fly out, F8 (Line Drive, 8LM, EV 95.0 MPH)
|
| Top of the 6th over - 0 runs, 1 hit, 0 errors, 1 left on base; Kansas City 1 - Chicago 2 |
| BOTTOM OF THE 6TH |
|
Chicago White Sox batting - Pitching for Kansas City Royals : RHP Jimmy Silveira IV
|
|
Batting: SHB Cesar Herrera
|
0-0: Called Strike 0-1: Ball 1-1: Swinging Strike 1-2: Foul Ball, location: 2F 1-2: Ball 2-2: Ground out 5-3 (Groundball, 6S, EV 88.1 MPH)
|
|
Batting: LHB Jack Christie
|
0-0: Fly out, F7 (Flyball, 7LS, EV 86.9 MPH)
|
|
Batting: LHB Brian Feher
|
0-0: Foul Ball, location: 2F 0-1: Ball 1-1: Ground out 4-3 (Groundball, 34, EV 103.1 MPH)
|
| Bottom of the 6th over - 0 runs, 0 hits, 0 errors, 0 left on base; Kansas City 1 - Chicago 2 |
| TOP OF THE 7TH |
|
Kansas City Royals batting - Pitching for Chicago White Sox : RHP Kevin Woods
|
|
Batting: SHB Tony Prado
|
0-0: Foul Ball, location: 2F 0-1: Called Strike 0-2: Strikes out swinging
|
|
Batting: LHB Manny Estrada
|
0-0: Ball 1-0: Called Strike 1-1: Foul Ball, location: 2F 1-2: Foul Ball, location: 2F 1-2: Ground out 4-3 (Groundball, 4, EV 105.0 MPH)
|
|
Pitching: RHP Gerbrand van de Bilt
|
|
|
Batting: RHB Aaron Matthews
|
0-0: Called Strike 0-1: Ball 1-1: Swinging Strike 1-2: Ball 2-2: Ball 3-2: Foul Ball, location: 2F 3-2: Strikes out swinging
|
| Top of the 7th over - 0 runs, 0 hits, 0 errors, 0 left on base; Kansas City 1 - Chicago 2 |
| BOTTOM OF THE 7TH |
|
Chicago White Sox batting - Pitching for Kansas City Royals : RHP Jimmy Silveira IV
|
|
Batting: RHB Hiroshige Yamada
|
0-0: Called Strike 0-1: Called Strike 0-2: Strikes out swinging
|
|
Batting: LHB Juan Concepcion
|
0-0: Foul Ball, location: 2F 0-1: Ball 1-1: Ball 2-1: Foul Ball, location: 2F 2-2: Foul Ball, location: 2F 2-2: Fly out, F7 (Flyball, 7, EV 86.3 MPH)
|
|
Batting: SHB Dan Lash
|
0-0: Called Strike 0-1: Ball 1-1: Swinging Strike 1-2: Ball 2-2: Foul Ball, location: 2F 2-2: Foul Ball, location: 2F 2-2: Strikes out looking
|
| Bottom of the 7th over - 0 runs, 0 hits, 0 errors, 0 left on base; Kansas City 1 - Chicago 2 |
| TOP OF THE 8TH |
|
Kansas City Royals batting - Pitching for Chicago White Sox : RHP Gerbrand van de Bilt
|
|
Now at 1B: Dan Lash
|
|
|
Now at 2B: Rocky Campbell
|
|
|
Now in LF: Jason Moss
|
|
|
Now in RF: Steve Castleberry
|
|
|
Batting: LHB Zion Davidson
|
0-0: Called Strike 0-1: Ball 1-1: Ball 2-1: Foul Ball, location: 2F 2-2: Ball 3-2: Ground out U3 (Groundball, 3L, EV 85.6 MPH)
|
|
Pinch Hitting: SHB Gil Switzer
|
0-0: Swinging Strike 0-1: Swinging Strike 0-2: Ball 1-2: Ball 2-2: Fly out, F9 (Flyball, 9LS, EV 85.6 MPH)
|
|
Batting: RHB Avery Maxwell
|
0-0: Called Strike 0-1: Foul Ball, location: 2F 0-2: Ball 1-2: Strikes out swinging
|
| Top of the 8th over - 0 runs, 0 hits, 0 errors, 0 left on base; Kansas City 1 - Chicago 2 |
| BOTTOM OF THE 8TH |
|
Chicago White Sox batting - Pitching for Kansas City Royals : RHP Jimmy Silveira IV
|
|
Pitching: RHP Asa Hahn
|
|
|
Now in RF: Gil Switzer
|
|
|
Batting: LHB Antonio Figueroa
|
0-0: Called Strike 0-1: Foul Ball, location: 2F 0-2: Strikes out looking
|
|
Batting: LHB Randy Rosenberry
|
0-0: Ball 1-0: Ball 2-0: Ball 3-0: Called Strike 3-1: Fly out, F8 (Flyball, 78D, EV 79.4 MPH)
|
|
Batting: RHB Joseph Disepolo
|
0-0: Called Strike 0-1: Foul Ball, location: 2F 0-2: Strikes out swinging
|
| Bottom of the 8th over - 0 runs, 0 hits, 0 errors, 0 left on base; Kansas City 1 - Chicago 2 |
| TOP OF THE 9TH |
|
Kansas City Royals batting - Pitching for Chicago White Sox : RHP Gerbrand van de Bilt
|
|
Pitching: RHP Zach Ault
|
|
|
Batting: RHB Mike Jaquez
|
0-0: Called Strike 0-1: Foul Ball, location: 2F 0-2: Ball 1-2: Strikes out swinging
|
|
Pinch Hitting: SHB Gareth Busby
|
0-0: Ball 1-0: Ball 2-0: Called Strike 2-1: Foul Ball, location: 2F 2-2: Ball 3-2: Strikes out swinging
|
|
Batting: LHB Mike Meyerhoff
|
0-0: Ball 1-0: Ball 2-0: Called Strike 2-1: SOLO HOME RUN (Flyball, 7D, EV 103.8 MPH), Distance : 370 ft
|
|
DELAY
|
Rain delay of 13 minutes in the 9th inning.
|
|
Batting: SHB Tony Prado
|
0-0: Called Strike 0-1: Called Strike 0-2: Ball 1-2: Ball 2-2: Ball 3-2: Foul Ball, location: 2F 3-2: Ground out U3 (Groundball, 3, EV 84.4 MPH)
|
| Top of the 9th over - 1 run, 1 hit, 0 errors, 0 left on base; Kansas City 2 - Chicago 2 |
| BOTTOM OF THE 9TH |
|
Chicago White Sox batting - Pitching for Kansas City Royals : RHP Asa Hahn
|
|
Pitching: RHP Travis Lakatos
|
|
|
Now at 2B: Gareth Busby
|
|
|
Batting: SHB Cesar Herrera
|
0-0: Ball 1-0: Called Strike 1-1: Ball 2-1: SOLO HOME RUN (Flyball, 9D, EV 100.0 MPH), Distance : 374 ft
|
| Bottom of the 9th over - 1 run, 1 hit, 0 errors, 0 left on base; Kansas City 2 - Chicago 3 |
| |
|
Game Over ... Chicago defeats Kansas City, 3 to 2
|
|
|